 Dungeon Crawl Stone Soup version 0.19.1-1-g22dce08 (webtiles) character file.

147 Kiturien the Shield-Bearer (level 5, -3/37 HPs)
             Began as an Octopode Fighter on Jan 18, 2017.
             Slain by an orc wizard
             ... wielding a +0 dagger
              (5 damage)
             ... on level 3 of the Dungeon.
             The game lasted 00:06:17 (1690 turns).

Kiturien the Shield-Bearer (Octopode Fighter)       Turns: 1690, Time: 00:06:18

Health: -3/37      AC:  1    Str: 15    XL:     5   Next: 29%
Magic:  14/14      EV: 12    Int: 10    God:
Gold:   74         SH:  9    Dex: 13    Spells: 0 memorised, 4 levels left

rFire  . . .     SeeInvis .     a - +0 rapier
rCold  . . .     Gourm    .     b - +0 shield
rNeg   . . .     Faith    .     (helmet restricted)
rPois  .         Spirit   .     (no amulet)
rElec  .         Reflect  .     k - ring of magical power
rCorr  .         Harm     .     (no ring)
MR     .....                    (no ring)
Stlth  +++.......               (no ring)
                                (no ring)
                                (no ring)
                                (no ring)
                                (no ring)

@: lethally poisoned (-3 -> -7)
A: almost no armour, stealthy swim, amphibious, 8 rings, constrict 8, camouflage
1, gelatinous body 1
a: no special abilities


You were on level 3 of the Dungeon.
You were not hungry.

You visited 1 branch of the dungeon, and saw 3 of its levels.

You collected 74 gold pieces.

Inventory:

Hand Weapons
 a - a +0 rapier (weapon)
Missiles
 e - a throwing net (quivered)
Armour
 b - a +0 shield (worn)
Jewellery
 k - a ring of magical power (left tentacle)
Scrolls
 g - a scroll of identify {unknown}
 h - a scroll of enchant armour {unknown}
 l - a scroll of amnesia {unknown}
 m - a scroll of teleportation {unknown}
 p - a scroll of recharging {unknown}
Potions
 c - a potion of might
Comestibles
 d - a bread ration
 f - a beef jerky
 i - 2 meat rations
 j - a royal jelly
 n - 3 fruits


   Skills:
 + Level 3.7 Fighting
 + Level 3.0 Short Blades
 + Level 3.6 Dodging
 + Level 2.2 Stealth
 + Level 3.9 Shields


You had 4 spell levels left.
You didn't know any spells.

Dungeon Overview and Level Annotations

Branches:
Dungeon (3/15)

Altars:
Cheibriados
Uskayaw


Innate Abilities, Weirdness & Mutations

You cannot wear most types of armour.
You are very stealthy in the water. (Stealth+)
You are amphibious.
You can wear up to eight rings at the same time.
You can use your tentacles to constrict eight enemies at once.
Your skin changes colour to match your surroundings (Stealth+).
Your rubbery body absorbs attacks. (AC +1, EV +1)


Message History

You feel sick. You block the worker ant's attack. Something hits you.
* * * LOW HITPOINT WARNING * * *
You block the worker ant's attack.
You hit the worker ant but do no damage.
You squeeze the worker ant.
The worker ant is almost dead.
You constrict the worker ant.
You kill the worker ant!
Your Short Blades skill increases to level 3!
Your Stealth skill increases to level 2!
* * * LOW HITPOINT WARNING * * *
You feel sick.
You hear some strange, mumbled words.
Something tries to affect you, but you resist.
It was a potion of cure mutation.
It has a very clean taste.
Something barely misses you.
You hit something but do no damage.
* * * LOW HITPOINT WARNING * * *
You feel sick. Something hits you.
You die...

##### ####
#####...#####...
.......))..##.#####
......))...{.......
###########@....###
#.........#
#.###...?.# ##### #.#
#.....# #.... #.#
#.....###.# #.... #.#
##......... #.... #.#
#........$
#....##.####.........
#....).<.............


There were no monsters in sight!

Vanquished Creatures
  An orc wizard (D:3)
  A worker ant (D:3)
  An adder (D:2)
  A worm (D:2)
  3 dart slugs (D:2)
  A leopard gecko (D:2)
  7 orcs (D:3)
  2 ball pythons
  2 giant cockroaches
  8 goblins
  5 hobgoblins
  4 jackals (D:2)
  9 kobolds
  8 bats
  3 frilled lizards (D:2)
  12 rats
68 creatures vanquished.

Notes
Turn   | Place    | Note
-------+----------+-------------------------------------------
     0 | D:1      | Kiturien the Octopode Fighter began the quest for the Orb.
     0 | D:1      | Reached XP level 1. HP: 16/16 MP: 1/1
    67 | D:1      | Reached XP level 2. HP: 4/21 MP: 2/2
   472 | D:1      | Found a snail-covered altar of Cheibriados.
   508 | D:1      | Reached XP level 3. HP: 24/26 MP: 3/3
   753 | D:2      | Found a hide-covered altar of Uskayaw.
  1101 | D:2      | Reached XP level 4. HP: 31/31 MP: 4/4
  1662 | D:3      | Reached skill level 1 in Stealth
  1676 | D:3      | Reached XP level 5. HP: 15/37 MP: 5/5
  1690 | D:3      | Slain by an orc wizard

Skill      XL: |  1  2  3  4  5 |
---------------+----------------+-----
Stealth        | 1 2 |  2.2
Short Blades   | 3 |  3.0
Fighting       | |  3.7
Dodging        | |  3.6
Shields        | |  3.9

Action                   |  1- 3 |  4- 6 || total
-------------------------+-------+-------++-------
Melee: Rapier            |    80 |    42 ||   122
       Constrict         |    26 |    13 ||    39
       Tentacles         |    15 |     9 ||    24
  Use: Potion            |       |     3 ||     3
 Stab: Sleeping          |     3 |     1 ||     4
  Eat: Bread ration      |       |     1 ||     1
Armor: Skin              |     9 |     5 ||    14
Dodge: Dodged            |    44 |    22 ||    66
Block: Shield            |    41 |    22 ||    63
